Unix NetHack Version 3.7.0-97 Work-in-progress - last build Jan 28 2024 04:41:54 (eae211b052f4c4d875b52ed558e44d2f93f0896c,branch:master). Game began 2024-02-07 18:49:17, ended 2024-02-07 18:55:50. gargor, neutral male human Tourist -------- -------- #-......| #-......| ###|......| #|.......##### ---------------- # |......| #|......| ## |..............| # ----.-.- #--+-.-.- ###...............| ------ ## # # ### #|.....>........| |....| # # # # ####### #####|..............| #.....| ----- # ## ################ ### #----.----------- ###|....| |>..| # ######### # -.-.-+-## ### #### # |{...| |...| ##### # ## # |.....| # # # |....| |....## ---|-----.--- # |...... ## # |....| --|--# |...........| # |.....|# #### S ------ #### |...........|## |...... ######### ### @# |...........|# -------########################### # |...........|# ########------.---# |............# ..<.....*-# |...........| |........| ------------- ---------- Gargor the Rambler St:11 Dx:14 Co:11 In:17 Wi:8 Ch:14 Neutral S:403 Dlvl:3 $:491 HP:0(27) Pw:5(5) AC:10 Xp:2/38 T:1266 Latest messages: The door opens. That door is closed. That door is closed. The door resists! The door opens. The door opens. You see here a food ration. There is nothing here to pick up. You see here a food ration. q - a food ration (3 in total). You see here a plain spellbook. x - a plain spellbook. You descend the stairs. You climb up the stairs. There is a falling rock trap here. You escape a falling rock trap. Drink from the fountain? [yn] (n) y The cool draught refreshes you. Drink from the fountain? [yn] (n) y This tepid water is tasteless. Drink from the fountain? [yn] (n) y An endless stream of snakes pours forth! What do you want to use or apply? [lmvx or ?*] v In what direction? k The water moccasin is frightened by its reflection. The water moccasin bites! The water moccasin bites! The water moccasin bites! The water moccasin bites! The water moccasin bites! The water moccasin bites! The water moccasin bites! The water moccasin bites! The water moccasin bites! What do you want to drink? [i or ?*] i You feel much better. The water moccasin bites! The water moccasin bites! The water moccasin bites! The water moccasin bites! The water moccasin bites! Are you sure you want to pray? [yn] (n) y You begin praying to The Lady. The water moccasin bites! The water moccasin bites! The water moccasin bites! The water moccasin's bite was poisoned! You die... Do you want your possessions identified? [ynq] (y) y Do you want to see your attributes? [ynq] (y) q Inventory: Coins $ - 491 gold pieces Weapons a - 22 blessed +2 darts (at the ready) n - 8 +0 darts Armor o - an uncursed +0 orcish helm w - an uncursed +0 orcish helm k - an uncursed +0 Hawaiian shirt with a flamingo motif (being worn) t - an uncursed +0 Hawaiian shirt with a flamingo motif Comestibles c - 3 uncursed slime molds e - an uncursed banana h - an uncursed carrot q - 3 uncursed food rations f - an uncursed fortune cookie b - an uncursed sprig of wolfsbane d - 3 uncursed tripe rations (wielded) g - 3 uncursed homemade tins of lichen r - 2 uncursed lichen corpses Scrolls j - 3 uncursed scrolls of magic mapping Spellbooks x - an uncursed spellbook of blank paper Tools m - an uncursed credit card l - an expensive camera (0:57) v - an uncursed mirror Gems/Stones u - an uncursed worthless piece of white glass Gargor the Tourist's attributes: Background: You were a Rambler, a level 2 male human Tourist. You were neutral, on a mission for The Lady who was opposed by Blind Io (lawful) and Offler (chaotic). You were right-handed. You were in the Dungeons of Doom, on level 3. You entered the dungeon 1266 turns ago. You had 38 experience points, 2 more were needed to attain level 3. Your score was 403 before end-of-game adjustments. Basics: You had 0 out of 27 hit points. You had all 5 energy points (spell power). Your armor class was 10. Your wallet contained 491 zorkmids. Autopickup was off. Final Characteristics: Your strength was 11 (limit:18/100). Your dexterity was 14 (limit:18). Your constitution was 11 (limit:18). Your intelligence was 17 (limit:18). Your wisdom was 8 (limit:18). Your charisma was 14 (limit:18). Final Status: You weren't hungry. You were unencumbered. You were wielding some food. Final Attributes: You had transgressed. You aggravated monsters. You are dead. Miscellaneous: You never encountered a bones level. Total elapsed playing time was 6 minutes and 32 seconds. Major events: Turn 1: gargor the neutral male human Tourist entered the dungeon 1163: entered the Gnomish Mines 1266: killed by a water moccasin, while praying Vanquished creatures: a little dog a cave spider a gecko 5 jackals a fox 2 goblins 3 grid bugs 2 lichens a kobold zombie 3 newts 20 creatures vanquished. No species were genocided or became extinct. Voluntary challenges: You never hit with a wielded weapon. You read items or engraved 2 times. You never engraved Elbereth. You never genocided any monsters. You never polymorphed an object. You never changed form. You used no wishes. Achievement: You entered the Gnomish Mines. The Dungeons of Doom: levels 1 to 5 Level 1: Level 2: Level 3: <- You were here. A fountain. Stairs down to The Gnomish Mines. Final resting place for you, killed by a water moccasin, while praying. Level 4: Level 5: The Gnomish Mines: Level 4: Game over: ---------- / \ / REST \ / IN \ / PEACE \ / \ | gargor | | 491 Au | | killed by a | | water moccasin | | | | | | 2024 | *| * * * | * _________)/\\_//(\/(/\)/\//\/|_)_______ Aloha gargor the Tourist... You died in The Dungeons of Doom on dungeon level 3 with 399 points, and 491 pieces of gold, after 1266 moves. You were level 2 with a maximum of 27 hit points when you died.